Yev-Ruu, chaotic female vampiric Convict ----------- |.........| |.........| -------- |..........#######u# ----------- |......| |..<..)...| # |.........| #.......| --------------- ----|------ ##-.........| ###|......| #..............| # |.........| # |....%.%########|.............| ### |.....(....#### |......| ##|.............| # |.........| -------- ###..............| # ----------- # |...[.........| # ### --------------- --|--------- # |..........| --------------### |.......>..| ------- |.............# |.........%.## |......# |......%.....| |..........| # |.....|##########.............| ------------ ###......| -------------- ------- Yev-Ruu the Jail-bird Experience level: 8 Strength: 15 Dexterity: 13 Constitution: 18 Intelligence: 9 Wisdom: 12 Charisma: 9 Health: 0(83) Energy: 59(59) AC: -1 Gold: 906 Moves: 3163 Your Inventory: Coins $ - 906 gold pieces Armor b - a cursed +0 striped shirt (being worn) j - an [uncursed] +0 pair of hard shoes [iron] (being worn) l - an [uncursed] +0 hard hat [dwarvish iron helm] (being worn) z - an [uncursed] +1 dwarvish mithril-coat (being worn) Comestibles D - an [uncursed] Hyper Futa Mare Dick named My Lucky Potions J - an [uncursed] smoky potion [of blindness] L - a [blessed] amber potion [of speed] M - an [uncursed] magenta potion [of sleeping] Rings u - an uncursed ring of cold resistance K - an [uncursed] gold ring [of invisibility] Wands h - an [uncursed] wand of make invisible [0:3] k - an [uncursed] wand of magic missile [0:6] Tools f - a cursed [magic] lamp called Magic (lit) g - an [uncursed] blindfold n - an [uncursed] looking glass [mirror] y - an [uncursed] credit card Iron balls c - an [uncursed] heavy iron ball (chained to you) Spells known in the end: Name Level Category Fail Memory a - light 1 divination 100% [|||||||.] Your skills at the end: Fighting Skills Weapon Skills sling [Basic / Skilled] Spellcasting Skills Final Attributes: You were piously aligned. Hunger level was 732. Your alignment was 25 / 25. Monster difficulty range was 0 - 6. Level difficulty was 4. You were immune to poison. You were immune to level-drain. You were immune to sickness. You were punished. You were invisible. You could fly. You could survive without air. You regenerated. Your luck was zero. You are dead. Vanquished creatures: a gnome king a raven 3 apes a human zombie a fog cloud 6 gnome lords 3 gnomish wizards a guardian naga hatchling a little dog a floating eye 8 dwarves 2 rothes a giant bat 5 orc zombies 3 dwarf zombies a wererat an acid blob 5 hobbits a large kobold a hobgoblin 2 giant rats a green mold 33 gnomes 3 geckos 4 jackals 2 foxes 2 kobolds a sewer rat 5 grid bugs 2 lichens 2 kobold zombies 2 newts 106 creatures vanquished. Voluntary challenges: You went without food. You never hit with a wielded weapon. You read items or engraved 5 times. You put on armor 5 times. You never genocided any monsters. You never polymorphed an object. You never changed form. You used no wishes. You abstained from Elbereth's help. You never encountered a bones level. You never used any Sokoban shortcuts. Dungeon overview: The Dungeons of Doom: levels 1 to 5 Level 1 a fountain a long staircase Level 2 a general store, some fountains stairs to The Gnomish Mines Level 3 an armor shop Level 4 <- You were here The Gnomish Mines: levels 3 to 6 Level 3 stairs to The Dungeons of Doom Level 6 many shops, a temple, a magic chest, some fountains History has recorded: On T:1 you entered the Dungeons of Doom to retrieve the Amulet of Yendor! On T:287 you reached level 2 of The Dungeons of Doom. On T:291 you advanced to experience level 2. On T:644 you advanced to experience level 3. On T:852 you advanced to experience level 4. On T:886 you reached level 1 of The Gnomish Mines. On T:903 you advanced to experience level 5. On T:990 you advanced to experience level 6. On T:1061 you reached level 2 of The Gnomish Mines. On T:1240 you reached level 3 of The Gnomish Mines. On T:1254 you advanced to experience level 7. On T:1685 you reached level 4 of The Gnomish Mines. On T:1988 you advanced to experience level 8. On T:2407 you reached level 3 of The Dungeons of Doom. On T:2823 you reached level 4 of The Dungeons of Doom. On T:2865 you reached level 5 of The Dungeons of Doom. Latest messages: The white unicorn misses. [HP-3=11] The white unicorn misses. (2x) The white unicorn butts! The white unicorn kicks! [HP-6=5] The white unicorn lunges wildly and misses! The white unicorn attacks a spot beside you. [HP+1=6] Never mind. [HP+1=7] c - a heavy iron ball (chained to you). [HP+1=8] [HP+1=9] c - a heavy iron ball (chained to you). [HP+1=10] The white unicorn butts! You die... Final status: Goodbye Yev-Ruu the Convict... You died in The Dungeons of Doom on dungeon level 4 with 4390 points, and 906 pieces of gold, after 3163 moves. You were level 8 with a maximum of 83 hit points when you died.